 Dungeon Sprint DCSS version 0.27.1-34-g3ba077fa99 (webtiles) character file.

Game seed: 14283750794049417339

6 boopmooplesden the Skirmisher (level 1, -19/22 HPs)
             Began as a Minotaur Fighter on Jan 3, 2022.
             Was an Initiate of Okawaru.
             Demolished by an ogre (21 damage)
             ... while paralysed by a floating eye
             ... in the Dungeon (Sprint VII: "The Pits").
             The game lasted 00:00:34 (183 turns).

boopmooplesden the Skirmisher (Minotaur Fighter)     Turns: 183, Time: 00:00:34

Health: -19/22     AC:  7    Str: 20    XL:     1   Next: 75%
Magic:  0/0        EV:  2    Int:  5    God:    Okawaru [......]
Gold:   0          SH:  0    Dex:  9    Spells: 0/0 levels left

rFire    . . .     SeeInvis .   k - +2 hand axe (freeze)
rCold    . . .     Faith    .   c - +0 kite shield
rNeg     . . .     Spirit   .   b - +0 scale mail
rPois    .         Reflect  .   (helmet restricted)
rElec    .         Harm     .   (no cloak)
rCorr    .         Rampage  .   (no gloves)
Will     .....     NoTele   +   (no boots)
Stlth    ..........             (no amulet)
HPRegen  0.07/turn              (no ring)
MPRegen  0.07/turn              (no ring)

@: paralysed
A: horns 2, retaliatory headbutt
a: Renounce Religion


You were in the Dungeon.
You worshipped Okawaru.
Okawaru was noncommittal.
You visited 1 branch

Inventory:

Hand Weapons
 a - a +0 war axe
 k - a +2 hand axe of freezing (weapon)
Armour
 b - a +0 scale mail (worn)
 c - a +0 kite shield (worn)
Scrolls
 j - a scroll of blinking
 m - 5 scrolls of amnesia
 n - a scroll of summoning
Potions
 d - a potion of might
 e - a potion of curing
 f - a potion of heal wounds
 g - a potion of haste
 h - 4 potions of magic
 i - 3 potions of berserk rage
 l - 2 potions of invisibility


   Skills:
 + Level 4.3 Fighting
 + Level 2.8 Axes
 + Level 4.3 Armour
 + Level 4.3 Shields


You couldn't memorise any spells.
You didn't know any spells.
Your spell library was empty.

Dungeon Overview and Level Annotations

Branches:
Dungeon (1/1)

Altars:
Ashenzari
Cheibriados
Dithmenos
Elyvilon
Fedhas
Gozag
Hepliaklqana
Kikubaaqudgha
Makhleb
Nemelex Xobeh
Okawaru
Qazlal
Ru
Sif Muna
Trog
Uskayaw
Vehumet
Wu Jian
Xom
Yredelemnul
Zin
The Shining One
Beogh
Jiyva
Lugonu


Innate Abilities, Weirdness & Mutations

You have a pair of horns on your head.
You reflexively headbutt those who attack you in melee.


Message History

Okawaru accepts your kill.
You see here a hobgoblin corpse.
You start resting.
HP restored.
You open the door.
A floating eye and a skeleton come into view.
The floating eye turns its gaze towards you.
The floating eye's view fixates on you.
A floating eye and an ogre come into view.
The ogre shouts!
The floating eye gazes piercingly through you!
You suddenly lose the ability to move!
The floating eye's view fixates on you. x2
The ball python skeleton barely misses you.
The ball python skeleton completely misses you.
The floating eye gazes piercingly through you!
You shrug off the repeated paralysis!
The floating eye gazes piercingly through you!
You shrug off the repeated paralysis!
The ball python skeleton bites you but does no damage.
The ball python skeleton grabs you.
The ball python skeleton constricts you.
The floating eye's stare focuses on you. x2
The ball python skeleton bites you but does no damage.
The ball python skeleton constricts you.
You can move again.
There is an open door here.
The ball python skeleton's grasp on you weakens, but your attempt to escape fails.
The ball python skeleton loses its grip on you.
The floating eye gazes piercingly through you!
You suddenly lose the ability to move!
The floating eye gazes piercingly through you!
You shrug off the repeated paralysis!
The floating eye's stare focuses on you.
The ogre hits you with a +0 giant club!!
Ouch! That really hurt!
* * * LOW HITPOINT WARNING * * *
The ogre hits you with a +0 giant club!!
Ouch! That really hurt!
You die...

#_________.#
#_______...###########++
##########'##...........
#.?(.')))'.##......#..#
##########.##..........
#..........)'...........
+#####'#####......#..#.
#..)..##...........
#####@#####'#####+
#..†OG##.......#
#...GZ##.......#
###'####.......#
#.....##...<...#
........##.......#
#........##.......#
###########.......#
#########


You could see an ogre, 2 floating eyes and a ball python skeleton.

Vanquished Creatures
  An orc (D)
  A bat skeleton (D)
  A hobgoblin (D)
  A bat (D)
  A kobold (D)
5 creatures vanquished.

Notes
Turn   | Place    | Note
-------+----------+-------------------------------------------
     0 | D        | boopmooplesden the Minotaur Fighter began the quest for the
                  | Orb.
     0 | D        | Reached XP level 1. HP: 19/19 MP: 0/0
    40 | D        | Found a glowing golden altar of the Shining One.
    40 | D        | Found a glowing silver altar of Zin.
    40 | D        | Found a basalt altar of Yredelemnul.
    40 | D        | Found a shimmering altar of Xom.
    40 | D        | Found an ornate altar of the Wu Jian Council.
    40 | D        | Found a bloodstained altar of Trog.
    40 | D        | Found a shimmering blue altar of Sif Muna.
    40 | D        | Found a sacrificial altar of Ru.
    40 | D        | Found a stormy altar of Qazlal.
    40 | D        | Found an iron altar of Okawaru.
    40 | D        | Found a sparkling altar of Nemelex Xobeh.
    40 | D        | Found a burning altar of Makhleb.
    40 | D        | Found a viscous altar of Jiyva.
    40 | D        | Found a hazy altar of Hepliaklqana.
    40 | D        | Found an opulent altar of Gozag.
    40 | D        | Found a blossoming altar of Fedhas.
    40 | D        | Found a white marble altar of Elyvilon.
    40 | D        | Found a shadowy altar of Dithmenos.
    40 | D        | Found a snail-covered altar of Cheibriados.
    42 | D        | Found a corrupted altar of Lugonu.
    42 | D        | Found a radiant altar of Vehumet.
    43 | D        | Found an ancient bone altar of Kikubaaqudgha.
    43 | D        | Found a hide-covered altar of Uskayaw.
    43 | D        | Found a broken altar of Ashenzari.
    47 | D        | Became a worshipper of Warmaster Okawaru
   172 | D        | Noticed a floating eye
   173 | D        | Noticed a floating eye
   173 | D        | Noticed an ogre
   173 | D        | Paralysed by a floating eye for 4 turns
   180 | D        | Paralysed by a floating eye for 4 turns
   183 | D        | Demolished by an ogre

Illustrated notes

Levels and vault maps discovered:
D:        pitsprint [storerooms_1, entrance_room_1, metal_vault_5, armoury_2,
          mini_pit_1, grid_room_1, main_hall_1, silver_pit, the_coven_3,
          the_vestibule_1, steel_vault_4, golden_pit, hallway_of_sentries,
          crystal_vault_1, iron_vault_2, final_vault]

Skill      XL: |  1 |
---------------+----+-----
Fighting       | 4 |  4.3
Armour         | 4 |  4.3
Shields        | 4 |  4.3
Axes           | |  2.8

Action                   || total
-------------------------++-------
Melee: Hand axe          ||    10
       War axe           ||     2
       Headbutt          ||     1
Armor: Scale mail        ||     3
Dodge: Dodged            ||     6
Block: Kite shield       ||    11
